 Dungeon Crawl Stone Soup version 0.25-a0-479-g8579842fd4 (webtiles) character file.

Game seed: 11497461301479045126, levelgen mode: deterministic

29007 Notrik the Fighter (level 13, -2/123 HPs)
             Began as a Minotaur Fighter on Feb 9, 2020.
             Was the Champion of Okawaru.
             Engulfed by a cloud of freezing vapour (4 damage)
             ... in an ice cave.
             The game lasted 00:24:12 (14164 turns).

Notrik the Fighter (Minotaur Fighter)              Turns: 14164, Time: 00:24:13

Health: -2/123     AC: 43    Str: 27    XL:     13   Next: 12%
Magic:  12/12      EV:  5    Int:  9    God:    Okawaru [******]
Gold:   965        SH: 14    Dex: 15    Spells: 12/12 levels left

rFire    + . .     SeeInvis .   M - +5 hand axe of Sunlight {flame, *Drain MR+ Int+4 Dex+4}
rCold    + . .     Gourm    .   L - +0 shield
rNeg     + . .     Faith    .   X - +10 crystal plate armour of the Scribe {Str+2}
rPois    .         Spirit   .   (helmet restricted)
rElec    .         Reflect  .   o - +2 cloak
rCorr    .         Harm     .   G - +0 pair of gloves
MR       ++...                  b - +1 pair of boots
Stlth    ..........             (no amulet)
HPRegen  0.30/turn              D - ring "Jiwui" {rF+ rC+ rN+ MR+ AC+3}
MPRegen  0.13/turn              (no ring)

@: no status effects
A: retaliatory headbutt, horns 2
a: Heroism, Finesse, Renounce Religion


You were in an ice cave.
You worshipped Okawaru.
Okawaru was exalted by your worship.
You were not hungry.

You visited 3 branches of the dungeon, and saw 15 of its levels.
You also visited: Ossuary and Ice Cave.

You collected 965 gold pieces.

Inventory:

Hand Weapons
 a - a +0 war axe
 M - the +5 hand axe of Sunlight (weapon) {flame, *Drain MR+ Int+4 Dex+4}
   (You found it on level 9 of the Dungeon)

   It has been specially enchanted to burn those struck by it, causing extra
   injury to most foes and up to half again as much damage against particularly
   susceptible opponents.
   Big, fiery blades are also staple armaments of hydra-hunters.
   It affects your intelligence (+4).
   It affects your dexterity (+4).
   It affects your resistance to hostile enchantments.
   It causes draining when unequipped.
 P - the cursed +0 long sword "Hommitag" {flame, rElec MR+++ Dex-2 Stlth+, unknown}
   (You found it on level 9 of the Dungeon)

   It has been specially enchanted to burn those struck by it, causing extra
   injury to most foes and up to half again as much damage against particularly
   susceptible opponents.
   Big, fiery blades are also staple armaments of hydra-hunters.
   It affects your dexterity (-2).
   It insulates you from electricity.
   It affects your resistance to hostile enchantments.
   It makes you more stealthy.
   It has a curse placed upon it.
 Z - the +4 halberd "Xutuegg" {freeze, MR++ Dex+4, unknown}
   (You found it in an ice cave)

   It has been specially enchanted to freeze those struck by it, causing extra
   injury to most foes and up to half again as much damage against particularly
   susceptible opponents.
   It can also slow down cold-blooded creatures.
   It affects your dexterity (+4).
   It affects your resistance to hostile enchantments.
Missiles
 v - a throwing net (quivered) {!f}
Armour
 b - a +1 pair of boots (worn)
   (You found it on level 6 of the Dungeon)
 k - a +0 ring mail of fire resistance
   (You found it on level 2 of the Dungeon)
 o - a +2 cloak (worn)
   (You found it on level 2 of the Dungeon)
 G - a +0 pair of gloves (worn)
   (You found it on level 7 of the Dungeon)
 L - a +0 shield (worn)
 S - a +1 pair of gloves of strength
   (You found it in an ice cave)
 X - the +10 crystal plate armour of the Scribe (worn) {Str+2}
   (Okawaru gifted it to you on level 4 of the Lair of Beasts)

   It affects your strength (+2).
   If you remove this armour, your AC will fall 33 points (43 -> 10)
 Y - a +2 pair of boots of stealth
   (You found it in an ice cave)
Jewellery
 D - the ring "Jiwui" (left hand) {rF+ rC+ rN+ MR+ AC+3}
   (You found it on level 5 of the Dungeon)

   [ring of protection]

   It affects your AC (+3).
   It protects you from fire.
   It protects you from cold.
   It protects you from negative energy.
   It affects your resistance to hostile enchantments.
 I - an uncursed ring of flight {unknown}
   (You found it on level 7 of the Dungeon)
 Q - an uncursed amulet of faith {!P}
   (You found it on level 1 of the Lair of Beasts)
 U - an uncursed ring of protection from fire {unknown}
   (You found it on level 2 of the Lair of Beasts)
 W - an uncursed ring of flight {unknown}
   (You found it on level 3 of the Lair of Beasts)
Wands
 c - a wand of disintegration (3)
   (You took it off Pikel on level 8 of the Dungeon)
 m - a wand of polymorph (40)
   (You took it off Natasha on level 2 of the Dungeon)
 t - a wand of flame (89)
   (You found it on level 4 of the Dungeon)
 u - a wand of paralysis (9)
   (You found it on level 2 of the Lair of Beasts)
 x - a wand of acid (4)
   (You found it on level 5 of the Dungeon)
 K - a wand of clouds (3)
   (You took it off Erica on level 8 of the Dungeon)
Scrolls
 f - 8 scrolls of immolation {!r}
 i - 11 scrolls of remove curse {@r2}
 l - 2 scrolls of enchant armour {unknown}
 n - 4 scrolls of blinking
 y - 2 scrolls of identify {@r1}
 A - 3 scrolls of acquirement {unknown}
 B - 2 scrolls of noise {unknown}
 C - 5 scrolls of amnesia
 E - a scroll of fog {unknown}
 F - 4 scrolls of random uselessness
 J - 2 scrolls of enchant weapon {unknown}
 N - 2 scrolls of magic mapping {unknown}
 O - 2 scrolls of teleportation {unknown}
 V - a scroll of fear {unknown}
Potions
 d - 2 potions of might
 g - 6 potions of heal wounds {@q2}
 h - 3 potions of ambrosia
 j - 6 potions of flight
 p - 2 potions of cancellation {unknown}
 q - 4 potions of haste {unknown}
 r - 6 potions of curing {unknown}
 s - 5 potions of berserk rage {unknown}
 w - 3 potions of degeneration {!q}
 z - 7 potions of lignification {!q}
 H - 4 potions of mutation {!q}
 R - a potion of magic {unknown}
 T - a potion of agility
Comestibles
 e - 20 rations {!d}


   Skills:
 + Level 13.8 Fighting
 + Level 13.1 Axes
 + Level 13.4 Armour
 + Level 13.4 Shields


You had 12 spell levels left.
You didn't know any spells.
Your spell library was empty.

Dungeon Overview and Level Annotations

Branches:
Dungeon (9/15)             Temple (1/1) D:7            Lair (6/6) D:9
 Spider (0/4) Lair:2      Ossuary (visited)           IceCv (1/1)
  Swamp: Lair:2-4    Shoals: Lair:2-4     Slime: Lair:5-6       Orc: D:9-12

Altars:
Ashenzari
Cheibriados
Dithmenos
Elyvilon
Fedhas
Gozag
Hepliaklqana
Kikubaaqudgha
Makhleb
Nemelex Xobeh
Okawaru
Qazlal
Ru
Sif Muna
Trog
Uskayaw
Vehumet
Wu Jian
Xom
Yredelemnul
Zin
The Shining One

Shops:
D:5 %}

Annotations:
D:7 Prince Ribbit


Innate Abilities, Weirdness & Mutations

You reflexively headbutt those who attack you in melee.
You have a pair of horns on your head.


Message History

You hit the ice devil but do no damage.
You are engulfed in freezing vapours.
You resist. You block the ice devil's attack.
You enter the shallow water.
Moving in this stuff is going to be slow.
You are engulfed in freezing vapours.
You resist.
You are engulfed in freezing vapours.
You resist.
You closely miss the ice devil.
You are engulfed in freezing vapours.
You resist.
The ice devil hits you but does no damage.
You hit the ice devil but do no damage.
You are engulfed in freezing vapours.
You resist. The ice devil hits you. The ice devil freezes you! You resist.
You slash the ice devil! You burn the ice devil.
You are engulfed in freezing vapours.
You resist.
You hit the ice devil but do no damage.
You are engulfed in freezing vapours.
You resist.
The ice devil hits you but does no damage.
Your crystal plate armour of the Scribe prevents you from hitting the ice devil.
You are engulfed in freezing vapours.
You resist.
* * * LOW HITPOINT WARNING * * *
The ice devil hits you!
* * * LOW HITPOINT WARNING * * *
The ice devil freezes you! You resist.
* * * LOW HITPOINT WARNING * * *
You hit the ice devil but do no damage. You headbutt the ice devil!
You kill the ice devil!
Okawaru accepts your kill.
You are engulfed in freezing vapours.
You resist.
* * * LOW HITPOINT WARNING * * *
You start resting.
You are engulfed in freezing vapours.
You resist.
You're standing in a cloud of freezing vapour!
You are engulfed in freezing vapours.
You resist.
* * * LOW HITPOINT WARNING * * *
You are engulfed in freezing vapours.
You resist.
* * * LOW HITPOINT WARNING * * *
You are engulfed in freezing vapours.
You resist.
You are engulfed in freezing vapours.
You resist.
* * * LOW HITPOINT WARNING * * *
You are engulfed in freezing vapours.
You resist.
* * * LOW HITPOINT WARNING * * *
You start resting.
You are engulfed in freezing vapours.
You resist.
* * * LOW HITPOINT WARNING * * *
You are engulfed in freezing vapours.
You resist.
* * * LOW HITPOINT WARNING * * *
You are engulfed in freezing vapours.
You resist.
You are engulfed in freezing vapours.
You resist.
* * * LOW HITPOINT WARNING * * *
You are engulfed in freezing vapours.
You resist.
You die...

##..####....##...# #####
#...##.....##..###### ##....
#..###............#.###.....
##...##...##.........#......
##...###########........§°.
##...### ####.....☼☼.
###...###### ###....°.
##...§.§○#### ###.#○§
###.....@§§§§§### ####.
###.......§§##.○§○### #.
##......####☼§##§☼.§§## ##
##.......#..§§§§§§#§§§○# #
##.......##§.☼°§☼###§.§§# ##
#.......##§§§§§§##§§☼§☼§#
##.
##......○.○≈§#§§§☼§§§☼.##
#.. ##....§###..#☼.###§§○##
#.. ###..#..§.○#...§#####
##.


There were no monsters in sight!

Vanquished Creatures
  A reaper (IceCv)
  3 hydras
  Erica (D:8)
  A wolf spider (Lair:2)
  Pikel (D:8)
  13 elephants
  2 black mambas
  7 spiny frogs
  2 ice statues (IceCv)
  3 rime drakes
  5 komodo dragons
  11 ice devils (IceCv)
  Grinder (D:6)
  8 blink frogs (Lair:6)
  4 hippogriffs
  Sigmund (D:3)
  A spriggan (D:7)
  2 redbacks (Lair:2)
  21 yaks
  A wyvern (Lair:2)
  A hungry ghost (D:9)
  A basilisk (Lair:3)
  A warg (Lair:6)
  11 water moccasins
  6 porcupines
  A hell hound (Lair:6)
  3 orc warriors
  A slave (D:8)
  A black bear (D:6)
  A necrophage (D:7)
  A sky beast (D:6)
  3 ogres
  A phantom (D:4)
  A centaur (D:9)
  4 wolves
  9 crocodiles
  A big kobold (D:7)
  15 bullfrogs
  2 water moccasin zombies (Ossuary)
  3 scorpions
  4 wights (D:9)
  An electric eel (Lair:4)
  4 crimson imps
  3 hounds
  Crazy Yiuf (D:3)
  5 orc priests
  7 orc wizards
  A bullfrog skeleton (D:8)
  4 iguanas
  Natasha (thrice) (D:2)
  A worker ant (D:2)
  Terence (D:3)
  2 big kobold zombies (Ossuary)
  2 mummies (Ossuary)
  A worker ant zombie (D:6)
  3 gnolls (D:3)
  A howler monkey skeleton (D:7)
  9 adders
  3 shadow imps
  8 white imps (IceCv)
  4 ufetubi (IceCv)
  2 adder skeletons
  5 adder zombies (Ossuary)
  A dart slug (D:3)
  4 leopard geckos
  36 orcs
  A ball python (D:3)
  12 bats
  10 giant cockroaches
  3 gnoll zombies (Ossuary)
  9 goblins
  10 hobgoblins
  8 jackals
  6 quokkas
  8 frilled lizards
  A giant cockroach zombie (D:6)
  6 hobgoblin zombies (Ossuary)
  A jackal skeleton (D:4)
  12 kobolds
  5 kobold zombies (Ossuary)
  A leopard gecko skeleton (D:7)
  2 orc zombies (Ossuary)
  8 rats
  A fungus (Lair:4)
  2 plants
378 creatures vanquished.

Vanquished Creatures (others)
  A slave (D:8)
  A bullfrog (D:8)
  4 white imps (IceCv)
  4 ufetubi (IceCv)
  2 fungi (Lair:4)
  3 plants
15 creatures vanquished.

Grand Total: 393 creatures vanquished

Notes
Turn   | Place    | Note
-------+----------+-------------------------------------------
     0 | D:1      | Notrik the Minotaur Fighter began the quest for the Orb.
     0 | D:1      | Reached XP level 1. HP: 19/19 MP: 0/0
     6 | D:1      | Noticed a salamander
     6 | D:1      | Noticed a polar bear
     6 | D:1      | Noticed a four-headed hydra
    62 | D:1      | Found an iron altar of Okawaru.
   265 | D:1      | Reached XP level 2. HP: 28/28 MP: 1/1
   412 | D:1      | Reached skill level 5 in Fighting
   568 | D:1      | Reached XP level 3. HP: 33/36 MP: 2/2
   948 | D:2      | Noticed Natasha
   954 | D:2      | Killed Natasha
   972 | D:2      | Reached XP level 4. HP: 36/42 MP: 3/3
  1041 | D:2      | Noticed Natasha
  1045 | D:2      | Killed Natasha
  1067 | D:2      | Noticed Natasha
  1072 | D:2      | Killed Natasha
  1186 | D:2      | Reached XP level 5. HP: 50/50 MP: 4/4
  1415 | D:2      | Found a sacrificial altar of Ru.
  1800 | D:3      | Noticed Sigmund
  1845 | D:3      | Killed Sigmund
  1845 | D:3      | Reached XP level 6. HP: 25/58 MP: 5/5
  2054 | D:3      | Noticed Terence
  2064 | D:3      | Killed Terence
  2064 | D:3      | Reached skill level 5 in Armour
  2064 | D:3      | Reached skill level 5 in Shields
  2291 | D:3      | Found a snail-covered altar of Cheibriados.
  2335 | D:3      | Found a runed translucent door.
  2336 | D:3      | Noticed Crazy Yiuf
  2446 | D:3      | Killed Crazy Yiuf
  2602 | D:4      | Reached XP level 7. HP: 56/64 MP: 6/6
  2978 | D:4      | Reached skill level 5 in Axes
  3397 | D:4      | Found a shimmering altar of Xom.
  3499 | D:5      | Entered Level 5 of the Dungeon
  3515 | D:5      | Found Paen Dife's Food Emporium.
  3604 | D:5      | Found a sand-covered staircase.
  3605 | D:5      | Got a crude turquoise ring
  3621 | Ossuary  | Entered an ossuary
  3749 | Ossuary  | Reached XP level 8. HP: 73/73 MP: 7/7
  3990 | D:5      | You fall into a shaft and drop 2 floors!
  3990 | D:7      | Noticed a hippogriff
  4000 | D:7      | Killed a hippogriff
  4075 | D:7      | Found a hazy altar of Hepliaklqana.
  4140 | D:7      | Found a staircase to the Ecumenical Temple.
  4160 | Temple   | Entered the Ecumenical Temple
  4408 | Temple   | Became a worshipper of Warmaster Okawaru
  4558 | D:7      | Noticed Prince Ribbit
  4759 | D:7      | Found a blossoming altar of Fedhas.
  5000 | D:7      | Reached * piety under Okawaru
  5045 | D:7      | Identified the ring "Jiwui" {rF+ rC+ rN+ MR+ AC+3} (You
                  | found it on level 5 of the Dungeon)
  5193 | D:6      | Reached XP level 9. HP: 76/82 MP: 8/8
  5207 | D:6      | Found a basalt altar of Yredelemnul.
  5393 | D:6      | Noticed Grinder
  5404 | D:6      | Killed Grinder
  5404 | D:6      | Reached ** piety under Okawaru
  5957 | D:5      | Found a shadowy altar of Dithmenos.
  6248 | D:5      | Found Felogh's Gadget Boutique.
  6610 | D:8      | HP: 3/84 [orc warrior/cursed +0 scimitar (9)]
  7130 | D:8      | Noticed Pikel
  7130 | D:8      | Noticed Erica
  7154 | D:8      | Killed Pikel
  7154 | D:8      | Reached *** piety under Okawaru
  7179 | D:8      | Killed Erica
  7179 | D:8      | Reached skill level 10 in Fighting
  7179 | D:8      | Reached XP level 10. HP: 50/93 MP: 9/9
  7514 | D:8      | Found a glowing golden altar of the Shining One.
  7655 | D:8      | Found a sparkling altar of Nemelex Xobeh.
  7656 | D:8      | Found an opulent altar of Gozag.
  7695 | D:9      | Found a staircase to the Lair.
  7719 | D:9      | Reached **** piety under Okawaru
  7738 | D:9      | Got a twisted hand axe
  7739 | D:9      | Identified the +5 hand axe of Sunlight {flame, *Drain MR+
                  | Int+4 Dex+4} (You found it on level 9 of the Dungeon)
  8184 | D:9      | Got a warped long sword
  8279 | Lair:1   | Entered Level 1 of the Lair of Beasts
  8380 | Lair:1   | Reached skill level 10 in Armour
  8382 | Lair:1   | Reached skill level 10 in Shields
  8433 | Lair:1   | Reached ***** piety under Okawaru
  8447 | Lair:1   | Reached skill level 10 in Axes
  8948 | Lair:1   | Noticed a spiny frog
  8958 | Lair:1   | Killed a spiny frog
  8958 | Lair:1   | Reached XP level 11. HP: 87/102 MP: 10/10
  9869 | Lair:2   | Found a hole to the Spider Nest.
  9869 | Lair:2   | Noticed a wolf spider
  9876 | Lair:2   | Killed a wolf spider
 10570 | Lair:3   | Received a gift from Okawaru
 10887 | Lair:3   | Reached ****** piety under Okawaru
 11526 | Lair:4   | Noticed an eight-headed hydra
 11542 | Lair:4   | Killed a three-headed hydra
 11542 | Lair:4   | Received a gift from Okawaru
 11554 | Lair:4   | Got an ancient crystal plate armour {god gift}
 12131 | Lair:4   | Identified the +10 crystal plate armour of the Scribe
                  | {Str+2} (Okawaru gifted it to you on level 4 of the Lair of
                  | Beasts)
 12150 | Lair:4   | Reached XP level 12. HP: 108/113 MP: 11/11
 12788 | Lair:4   | You fall into a shaft and drop 2 floors!
 12788 | Lair:6   | Entered Level 6 of the Lair of Beasts
 12915 | Lair:6   | Noticed a four-headed hydra
 12928 | Lair:6   | Killed a one-headed hydra
 13167 | Lair:6   | Found a frozen archway.
 13188 | Lair:6   | Noticed a four-headed hydra
 13195 | Lair:6   | Killed a one-headed hydra
 13195 | Lair:6   | Received a gift from Okawaru
 13207 | IceCv    | Entered an ice cave
 13750 | IceCv    | Reached XP level 13. HP: 120/123 MP: 12/12
 13836 | IceCv    | Noticed a reaper
 13878 | IceCv    | Killed a reaper
 14082 | IceCv    | Got a dazzling halberd
 14162 | IceCv    | HP: 1/123 [something (13)]
 14164 | IceCv    | Engulfed by a cloud of freezing vapour

Levels and vault maps discovered:
D:1:      onia_arrival_zoo_common, layout_basic, st_stairs_11,
          okawaru_ov_weapons_minmay
D:2:      layout_rooms, overflow_temple_1_default, first_ration, uniq_natasha
D:3:      layout_rooms, kennysheep_slug_shrine, uniq_sigmund, uniq_terence,
          uniq_crazy_yiuf_cottage
D:4:      layout_basic, nicolae_overflow_hidden_temple
D:5:      layout_loops_ring, grunt_dithmenos_smoke, serial_shops, shop,
          nicolae_ossuary_entry_monument, kennysheep_diamond
D:6:      layout_basic, grunt_ministairs_5, minmay_ruined_shrine, uniq_grinder
D:7:      layout_basic, lemuel_round_altar, minmay_temple_entry_stoned_glass,
          basic_altar, the_bakery, minmay_tree_intersection,
          chequers_serial_rivers_micro_a, dk_rats_in_the_wall,
          uniq_prince_ribbit1
D:8:      layout_cave_pools, grunt_temple_overflow_opulence,
          lemuel_doored_altar, uniq_pikel, uniq_erica
D:9:      layout_roguey, lair_entry_dummy
Temple:   minmay_temple_curvy_branch
Lair:1:   layout_hall_layers, special_room, lemuel_fruit_fields
Lair:2:   layout_roguey, spider_nest_entry_funnel_web, minivault_25
Lair:3:   layout_chaotic_city, wad_woods_river_01
Lair:4:   layout_long_grid, minmay_shoals_entry_hut, beast_lair_carwin_8,
          infiniplex_staircase_pool, serial_bayou_shore_a, grunt_megastairs_2,
          lemuel_fruit_fields
Lair:6:   hangedman_lair_caniforms_friends, layout_cave_shapes, wormcave,
          portal_ice_cave_rime
IceCv:    ice_cave_small_demon

Skill      XL: |  1  2  3  4  5  6  7  8  9 10 11 12 |
---------------+-------------------------------------+-----
Fighting       | 4 5 6 7 8 10 11 12 13 | 13.8
Shields        | 4 5 6 7 9 10 11 13 | 13.4
Armour         | 4 5 6 7 9 10 12 13 | 13.4
Axes           | 3 4 5 7 8 10 11 13 | 13.1

Action                   |  1- 3 |  4- 6 |  7- 9 | 10-12 | 13-15 || total
-------------------------+-------+-------+-------+-------+-------++-------
Melee: War axe           |    75 |   130 |   375 |    23 |       ||   603
       Headbutt          |    12 |    17 |    82 |   181 |    20 ||   312
       Unarmed           |     6 |       |       |       |       ||     6
       Hand axe          |       |       |       |   548 |    79 ||   627
Invok: Heroism           |       |       |       |     1 |     1 ||     2
  Use: Scroll            |       |       |     3 |    11 |       ||    14
       Potion            |       |       |     1 |       |       ||     1
  Eat: Chunk             |       |     6 |     2 |     3 |       ||    11
       Ration            |       |       |     5 |     5 |     1 ||    11
Armor: Scale mail        |    59 |    60 |    81 |       |       ||   200
       Ring mail         |       |       |    68 |   118 |       ||   186
       Crystal plate arm |       |       |       |   196 |    54 ||   250
Dodge: Dodged            |    33 |    43 |   116 |   135 |     7 ||   334
Block: Shield            |    49 |    63 |   201 |   328 |    30 ||   671

Table legend:
 A = Non-vault XP
 B = Vault XP
 C = Vault XP percentage of total XP
 D = Non-vault monster count
 E = Vault monster count
 F = Vault count percentage of total count
                 A         B        C        D         E       F
            +---------+---------+-------+---------+---------+-------
      Total |   27437 |   14002 |  33.8 |     276 |      98 |  26.2
            +---------+---------+-------+---------+---------+-------
        D:1 |      51 |       6 |  10.5 |      32 |       3 |   8.6
        D:2 |     177 |      37 |  17.3 |      28 |       1 |   3.4
        D:3 |     122 |     307 |  71.6 |      22 |       4 |  15.4
        D:4 |     377 |       0 |   0.0 |      18 |       0 |   0.0
        D:5 |     206 |     124 |  37.6 |      14 |       2 |  12.5
        D:6 |     954 |     437 |  31.4 |      17 |      11 |  39.3
        D:7 |     849 |     224 |  20.9 |      22 |       1 |   4.3
        D:8 |     470 |    1547 |  76.7 |      11 |       2 |  15.4
        D:9 |    1026 |       0 |   0.0 |      21 |       0 |   0.0
     Lair:1 |    4920 |       0 |   0.0 |      26 |       0 |   0.0
     Lair:2 |    2330 |    1056 |  31.2 |      10 |       3 |  23.1
     Lair:3 |     878 |    1014 |  53.6 |       7 |       3 |  30.0
     Lair:4 |    5650 |    3062 |  35.1 |      19 |      10 |  34.5
     Lair:6 |    9427 |    1171 |  11.0 |      29 |       5 |  14.7
    Ossuary |       0 |     297 | 100.0 |       0 |      27 | 100.0
      IceCv |       0 |    4720 | 100.0 |       0 |      26 | 100.0
            +---------+---------+-------+---------+---------+-------
